 Dungeon Crawl Stone Soup version 0.30-a0-304-gdc4b735fe1 (webtiles) character file.

Game seed: 39423625008086659

28 ryw the Trooper (level 3, 30/30 HPs)
             Began as a Demonspawn Monk on Oct 21, 2022.
             Quit the game on level 2 of the Dungeon.
             The game lasted 00:01:41 (761 turns).

ryw the Trooper (Demonspawn Monk)                    Turns: 761, Time: 00:01:42

Health: 30/30      AC:  3    Str: 11    XL:     3   Next: 0%
Magic:  3/3        EV: 12    Int: 13    God:
Gold:   13         SH:  0    Dex: 15    Spells: 2/2 levels left

rFire   . . .      SeeInvis .      - Unarmed
rCold   . . .      Faith    .    (no shield)
rNeg    . . .      Spirit   .    a - +0 robe
rPois   .          Reflect  .    (helmet restricted)
rElec   .          Harm     .    j - +0 cloak
rCorr   .          Rampage  .    (no gloves)
Will    .....                    (no boots)
Stlth   ++........               (no amulet)
HPRegen 0.25/turn                (no ring)
MPRegen 0.16/turn                (no ring)

@: no status effects
A: horns 1, magic regeneration
a: no special abilities


You were on level 2 of the Dungeon.
You visited 1 branch of the dungeon, and saw 2 of its levels.

You collected 13 gold pieces.

Inventory:

Missiles
 e - 3 javelins (quivered)
Armour
 a - a +0 robe (worn)
 j - a +0 cloak (worn)
Jewellery
 f - a +6 ring of strength
 h - a +4 ring of protection
Scrolls
 g - 3 scrolls of identify {unknown}
 l - a scroll of poison {unknown}
 m - 2 scrolls of teleportation {unknown}
 n - a scroll of fear {unknown}
Potions
 b - a potion of ambrosia
 c - a potion of resistance {unknown}
 d - 2 potions of curing {unknown}
 i - a potion of haste {unknown}
 k - a potion of berserk rage {unknown}


   Skills:
 + Level 4.2 Fighting
 - Level 2.6 Dodging
 - Level 1.7 Stealth
 - Level 2.6 Unarmed Combat


You had 2 spell levels left.
You didn't know any spells.
Your spell library was empty.

Dungeon Overview and Level Annotations

Branches:
Dungeon (2/15)

Altars:
Wu Jian


Innate Abilities, Weirdness & Mutations

You have a pair of small horns on your head.
You regenerate magic rapidly.


Message History

You hit the frilled lizard but do no damage.
You barely miss the frilled lizard. The frilled lizard barely misses you.
You closely miss the frilled lizard. The frilled lizard bites you.
You closely miss the frilled lizard.
The frilled lizard unfolds its giant frill.
The frilled lizard bites you but does no damage.
You hit the frilled lizard.
You kill the frilled lizard!
No target in view!
No target in view!
There is a faded altar of an unknown god here.
This altar belongs to (a) Lugonu, (b) Dithmenos or (c) Makhleb, but you can't tell which.
Press the corresponding letter to learn more about a god, or press enter to convert or escape to cancel.
Okay, then.
HP restored.
A bat comes into view.
The bat hits you but does no damage.
You hit the bat.
You kill the bat!
No target in view!
No target in view!
No target in view!
There is a faded altar of an unknown god here.
Found a scroll labelled RAASIAZ KYOTAN and a clear potion.
Found a scroll labelled BIUH QEOMEXIF and a great sword.
There is an ornate altar of the Wu Jian Council here.
A goblin comes into view. It is wielding a +0 club.
You see here a scroll labelled BIUH QEOMEXIF.
The helpless goblin fails to defend itself.
You hit the goblin.
You kill the goblin!
You have reached level 3!
Your experience leads to an increase in your attributes!
Increase (S)trength, (I)ntelligence, or (D)exterity?
You feel clever. x2; Your demonic ancestry asserts itself...
A pair of horns grows on your head!
m - 2 scrolls labelled BIUH QEOMEXIF (gained 1)
There is an ornate altar of the Wu Jian Council here.
A rat comes into view.
Found a spear.
Are you sure you want to abandon this character and quit the game? (Confirm with "yes".)

#..# #....... .... #.##
#......# ..... #.#
#.....)###.... . #.# #.#
#.... ..r #.###
##.###.#.#.... #...##
###......#.#..#.
###..####...........)...
##....####............
####..####.._@..!....
########..###......?....
........._..............
........................
....<...................
........................
............#..#.......)
.................##.....
............##.### ....


You could see a rat (asleep).

Vanquished Creatures
  A dart slug (D:1)
  3 bats
  3 endoplasms (D:1)
  A giant cockroach (D:1)
  5 goblins
  2 hobgoblins (D:1)
  4 frilled lizards
  3 kobolds (D:1)
  2 rats (D:1)
24 creatures vanquished.

Notes
Turn   | Place    | Note
-------+----------+-------------------------------------------
     0 | D:1      | ryw the Demonspawn Monk began the quest for the Orb.
     0 | D:1      | Reached XP level 1. HP: 18/18 MP: 1/1
   223 | D:1      | Gained mutation: You regenerate magic rapidly. [demonic
                  | ancestry]
   223 | D:1      | Reached XP level 2. HP: 21/24 MP: 2/2
   441 | D:1      | Reached skill level 4 in Fighting
   687 | D:2      | Found a faded altar of an unknown god.
   691 | D:2      | Found an ornate altar of the Wu Jian Council.
   753 | D:2      | Gained mutation: You have a pair of small horns on your
                  | head. [demonic ancestry]
   753 | D:2      | Reached XP level 3. HP: 30/30 MP: 3/3
   761 | D:2      | Quit the game

Illustrated notes

Levels and vault maps discovered:
D:1:      dpeg_arrival_erosion, layout_rooms
D:2:      layout_rooms, basic_altar, basic_ecumenical_altar,
          minmay_fractal_squares_5, uniq_sigmund, uniq_crazy_yiuf_cottage

Skill      XL: |  1  2 |
---------------+-------+-----
Fighting       | 4 |  4.2
Dodging        | |  2.6
Stealth        | |  1.7
Unarmed Combat | |  2.6

Action                   || total
-------------------------++-------
Melee: Unarmed           ||    89
       Punch             ||     2
 Stab: Sleeping          ||     1
Armor: Robe              ||    13
Dodge: Dodged            ||    49

Table legend: (Time is in decaauts)
 A = Elapsed time spent in this place.
 B = Non-inter-level travel time spent in this place.
 C = Inter-level travel time spent in this place.
 D = Time resting spent in this place.
 E = Time spent auto-exploring this place.
 F = Levels seen in this place.
 G = Mean time per level.
                   A        B        C        D        E       F      G
               +--------+--------+--------+--------+--------+-----+--------+
         Total |    756 |    707 |     49 |     30 |    471 |   2 |  378.0 |
       Dungeon |    756 |    707 |     49 |     30 |    471 |   2 |  378.0 |
               +--------+--------+--------+--------+--------+-----+--------+

Top non-repeatable levels by time:
     D:1: 683 daAuts
     D:2: 73 daAuts
